 Dungeon Crawl Stone Soup version 0.22.0-16-gc6d26f6 (webtiles) character file.

198 HallandMoats the Skirmisher (level 5, -3/43 HPs)
             Began as a Demonspawn Fighter on Aug 17, 2018.
             Was an Initiate of Dithmenos.
             Slain by a gnoll
             ... wielding a cursed +0 flail
              (5 damage)
             ... on level 3 of the Dungeon.
             The game lasted 00:03:17 (4058 turns).

HallandMoats the Skirmisher (Demonspawn Fighter)    Turns: 4058, Time: 00:03:17

Health: -3/43      AC:  3    Str: 17    XL:     5   Next: 47%
Magic:  5/5        EV:  9    Int:  9    God:    Dithmenos [......]
Gold:   122        SH:  8    Dex: 13    Spells: 4/4 levels left

rFire    + . .     SeeInvis .   a - +0 war axe
rCold    + . .     Gourm    .   c - +0 shield
rNeg     . . .     Faith    .   i - +0 leather armour (curse)
rPois    .         Spirit   .   (helmet restricted)
rElec    .         Reflect  .   h - scarf {rC+ rF+}
rCorr    .         Harm     .   (no gloves)
MR       .....                  (no boots)
Stlth    ++........             (no amulet)
HPRegen  0.14/turn              (no ring)
MPRegen  0.09/turn              (no ring)

@: no status effects
A: antennae 2, nightstalker 1
a: Renounce Religion


You were on level 3 of the Dungeon.
You worshipped Dithmenos.
Dithmenos was noncommittal.
You were not hungry.

You visited 1 branch of the dungeon, and saw 4 of its levels.

You collected 122 gold pieces.

Inventory:

Hand Weapons
 a - a +0 war axe (weapon)
Armour
 c - a +0 shield (worn)
 h - a scarf of resistance (worn)
 i - a cursed +0 leather armour (worn)
Jewellery
 q - an uncursed ring of see invisible {unknown}
Scrolls
 b - 3 scrolls of immolation {unknown}
 d - a scroll of fog {unknown}
 e - 2 scrolls of identify {unknown}
 k - 3 scrolls of enchant armour {unknown}
 m - 4 scrolls of teleportation {unknown}
 o - 3 scrolls of remove curse {unknown}
 p - a scroll of magic mapping {unknown}
Potions
 j - a potion of heal wounds
 l - a potion of curing {unknown}
 n - a potion of haste {unknown}
 r - 3 potions of brilliance {unknown}
Comestibles
 f - 2 rations
 g - 3 chunks of flesh


   Skills:
 * Level 4.3 Fighting
 * Level 3.2 Axes
 + Level 3.3 Armour
 + Level 1.8 Dodging
 - Level 2.6 Shields


You had 4 spell levels left.
You didn't know any spells.
Your spell library was empty.

Dungeon Overview and Level Annotations

Branches:
Dungeon (4/15)
 Temple: D:4-7

Altars:
Cheibriados
Dithmenos
Hepliaklqana


Innate Abilities, Weirdness & Mutations

You have a pair of antennae on your head.
You are slightly more attuned to the shadows.


Message History

The gnoll hits you.
* * * LOW HITPOINT WARNING * * *
You barely miss the gnoll.
The gnoll is moderately wounded.
The gnoll barely misses you. The gnoll closely misses you.
Your shield and leather armour prevent you from hitting the gnoll.
The gnoll is moderately wounded.
You block the gnoll's attack. x2
A gnoll comes into view. It is wielding a flail.
The gnoll hits you from afar with a spear.
* * * LOW HITPOINT WARNING * * *
The gnoll shouts!
You hit the gnoll.
The gnoll is severely wounded.
The gnoll barely misses you. You block the gnoll's attack. x2
You slash the gnoll!
You kill the gnoll!
Dithmenos accepts your kill. The gnoll hits you but does no damage.
The gnoll hits you with a flail.
You die...

#...##.##..#.....#.##
..#.#._.#)####.#.<..#
#.#.....).# #..#......
.##
##.....#####.#....###
.... ##...##.........##
#..########.###.#####
...# ##.###.#
#.#####..(...#
#..g@.g..#...#
#(######...(.# ...#
#.......##...#
#.##.#####.#####.###.##
#.##.......# #. #)#
#.#####..### # #.# #.#
#..# #.# ####.# ###..#
#.# ....>###....# #.##


You could see 2 gnolls.

Vanquished Creatures
  Crazy Yiuf (D:2)
  An orc priest (D:3)
  An orc wizard (D:4)
  A gnoll (D:3)
  An adder (D:2)
  An ooze (D:1)
  3 worms
  2 dart slugs (D:1)
  A leopard gecko (D:1)
  4 orcs
  2 giant cockroaches
  6 goblins
  10 hobgoblins
  11 jackals
  2 quokkas (D:2)
  6 bats
  2 frilled lizards (D:1)
  9 kobolds
  A leopard gecko zombie (D:2)
  8 rats
73 creatures vanquished.

Notes
Turn   | Place    | Note
-------+----------+-------------------------------------------
     0 | D:1      | HallandMoats the Demonspawn Fighter began the quest for the Orb.
     0 | D:1      | Reached XP level 1. HP: 18/18 MP: 1/1
   172 | D:1      | Gained mutation: You are slightly more attuned to the shadows. [demonic ancestry]
   172 | D:1      | Reached XP level 2. HP: 19/24 MP: 2/2
   968 | D:1      | Reached XP level 3. HP: 22/29 MP: 3/3
  1664 | D:2      | Reached skill level 1 in Dodging
  1936 | D:2      | Gained mutation: You have a pair of small antennae on your head. [demonic ancestry]
  1936 | D:2      | Reached XP level 4. HP: 31/37 MP: 4/4
  2369 | D:2      | Found a hazy altar of Hepliaklqana.
  2372 | D:2      | Found a snail-covered altar of Cheibriados.
  2407 | D:2      | Found a runed door.
  2622 | D:2      | Noticed Crazy Yiuf
  2635 | D:2      | Killed Crazy Yiuf
  2635 | D:2      | Reached skill level 4 in Fighting
  2897 | D:3      | Found a shadowy altar of Dithmenos.
  2911 | D:3      | Became a worshipper of Dithmenos the Shadowed
  3394 | D:4      | Gained mutation: You have a pair of antennae on your head. [demonic ancestry]
  3394 | D:4      | Reached XP level 5. HP: 27/42 MP: 5/5
  4056 | D:3      | HP: 2/42 [gnoll/spear (6)]
  4058 | D:3      | Slain by a gnoll

Skill      XL: |  1  2  3  4 |
---------------+-------------+-----
Axes           | 2 3 |  3.2
Dodging        | 1 |  1.8
Armour         | 3 |  3.3
Fighting       | 4 |  4.3
Shields        | |  2.6

Action                   |  1- 3 |  4- 6 || total
-------------------------+-------+-------++-------
Melee: War axe           |   121 |   118 ||   239
  Use: Potion            |       |     2 ||     2
 Stab: Sleeping          |     5 |     2 ||     7
  Eat: Chunk             |     3 |     7 ||    10
Armor: Scale mail        |    24 |       ||    24
       Leather armour    |    25 |    35 ||    60
Dodge: Dodged            |    57 |    58 ||   115
Block: Shield            |    62 |    83 ||   145
